 Dungeon Crawl Stone Soup version 0.26.1-2-gb8aa6d0cf2 (webtiles) character file.

Game seed: 16889357469000747127

2 skwiii the Sneak (level 1, -5/14 HPs)
             Began as a Kobold Delver on Feb 25, 2021.
             Killed from afar by an orc wizard (8 damage)
             ... with a magic dart
             ... on level 5 of the Dungeon.
             The game lasted 00:00:46 (148 turns).

skwiii the Sneak (Kobold Delver)                     Turns: 148, Time: 00:00:47

Health: -5/14      AC: 12    Str:  9    XL:     1   Next: 33%
Magic:  1/1        EV: 13    Int: 11    God:
Gold:   0          SH:  0    Dex: 21    Spells: 0/0 levels left

rFire    + + .     SeeInvis .   a - +0 short sword
rCold    . . .     Faith    .   (shield restricted)
rNeg     . . .     Spirit   .   i - +7 ring mail "Fuaweg" {-Tele rF++ Dex+5}
rPois    .         Reflect  .   (no helmet)
rElec    .         Harm     .   (no cloak)
rCorr    .         Rampage  .   (no gloves)
Will     .....     NoTele   +   (no boots)
Stlth    ++++......             (no amulet)
HPRegen  0.04/turn              (no ring)
MPRegen  0.07/turn              (no ring)

@: marked
A: small, nightstalker 3
a: no special abilities


You were on level 5 of the Dungeon.
You visited 1 branch of the dungeon, and saw 1 of its levels.

Inventory:

Hand Weapons
 a - a +0 short sword (weapon)
Armour
 b - a +0 leather armour
 i - the +7 ring mail "Fuaweg" (worn) {-Tele rF++ Dex+5}
   (You found it on level 5 of the Dungeon)

   It affects your dexterity (+5).
   It greatly protects you from fire.
   It prevents most forms of teleportation.
Jewellery
 h - an uncursed ring of ice {unknown}
Wands
 g - a wand of digging (3)
Scrolls
 c - a scroll of fog
 d - a scroll of magic mapping
Potions
 f - a potion of haste


   Skills:
 + Level 3.4 Fighting
 + Level 2.6 Short Blades
 + Level 2.4 Dodging
 + Level 6.6 Stealth


You couldn't memorise any spells.
You didn't know any spells.
Your spell library was empty.

Dungeon Overview and Level Annotations

Branches:
Dungeon (5/15)
 Temple: D:4-7

Altars:


Innate Abilities, Weirdness & Mutations

You are small and have problems with some larger weapons.
You are completely attuned to the shadows.


Message History

The orc is almost dead.
The orc barely misses you.
You closely miss the orc.
The orc is almost dead.
A sky beast comes into view.
The orc hits you but does no damage.
You hit the orc.
You kill the orc!
You closely miss something. Something hits you but does no damage.
As you read the scroll of fear, it crumbles to dust.
You assume a fearsome visage.
The orc looks frightened! x2
An orc comes into view. It is wielding a +0 whip.
Unknown command.
Unknown command.
Cornered, the orc turns to fight! x2
You hear some strange, mumbled words.
A magic dart appears from out of thin air!
The magic dart hits you!
Ouch! That really hurt!
You die...

#..........# #..........#
#..........#. ....#
#........$o ...#
#.###Y#######..#
###..###'###o#.#.#.#o.#
#....#.......#^^^^^#..#
#...>#.....#########..#
#..........#@{ooo..'..######
..#.##.#'#.#########.......#
# #.#..#.#...#^^^^^#..#.####
#.#. #.....#.#.#.#..#.# #.#
.......#######.##.#
#.########.........##.#
#.........###########.#
#########.# #.#### #.#
#....#


You could see a sky beast, an orc wizard and 3 orcs.

Vanquished Creatures
  An orc (D:5)
1 creature vanquished.

Notes
Turn   | Place    | Note
-------+----------+-------------------------------------------
     0 | D:5      | skwiii the Kobold Delver began the quest for the Orb.
     0 | D:5      | Reached XP level 1. HP: 14/14 MP: 1/1
    78 | D:5      | Noticed an orc wizard
   107 | D:5      | Noticed a worker ant
   108 | D:5      | Noticed an ice beast
   109 | D:5      | Noticed an orc wizard
   116 | D:5      | Noticed an orc priest
   126 | D:5      | Noticed an orc wizard
   128 | D:5      | Got a transparent ring mail
   132 | D:5      | Noticed a jelly
   137 | D:5      | Noticed an orc priest
   138 | D:5      | Noticed an ice beast
   139 | D:5      | Identified the +7 ring mail "Fuaweg" {-Tele rF++ Dex+5}
                  | (You found it on level 5 of the Dungeon)
   139 | D:5      | Noticed a hound
   143 | D:5      | Noticed a sky beast
   148 | D:5      | Killed from afar by an orc wizard

Illustrated notes

Levels and vault maps discovered:
D:5:      minmay_angry_zag, layout_basic, lemuel_crystal_altar,
          serial_corexii_hall, corexii_hall_statues_l, chequers_hall_statues_y,
          corexii_hall_statues_x, grunt_tough_drop

Action                   || total
-------------------------++-------
Melee: Short sword       ||    12
  Use: Scroll            ||     1
Armor: Ring mail         ||     3
Dodge: Dodged            ||    13
